 Dungeon Crawl Stone Soup version 0.25-b1-23-ge2ad7d536c (webtiles) character file.

Game seed: 10187706102206342208, levelgen mode: deterministic

531 Masnef the Digger (level 7, 0/46 HPs)
             Began as a Formicid Earth Elementalist on May 28, 2020.
             Was an Initiate of Ashenzari.
             Killed from afar by an orc warrior (21 damage)
             ... with a bolt of acid
             ... on level 6 of the Dungeon.
             The game lasted 00:09:49 (6345 turns).

Masnef the Digger (Formicid Earth Elementalist)     Turns: 6345, Time: 00:09:49

Health: 0/46       AC:  4    Str: 12    XL:     7   Next: 48%
Magic:  2/10       EV: 11    Int: 17    God:    Ashenzari [......]
Gold:   384        SH:  0    Dex: 11    Spells: 4/10 levels left

rFire    + . .     SeeInvis +   e - +0 mace
rCold    x . .     Gourm    .   (no shield)
rNeg     . . .     Faith    .   i - +1 leather armour
rPois    .         Spirit   .   (helmet unavailable)
rElec    .         Reflect  .   (no cloak)
rCorr    .         Harm     .   (no gloves)
MR       .....                  (no boots)
Stlth    ++........             (no amulet)
HPRegen  0.15/turn              m - ring of fire
MPRegen  0.12/turn              (no ring)

@: very slightly contaminated
A: permanent stasis, dig shafts and tunnels, four strong arms, antennae 3
a: Dig, Shaft Self, Curse Item, Renounce Religion


You were on level 6 of the Dungeon.
You worshipped Ashenzari.
Ashenzari was noncommittal.
You were not hungry.

You visited 1 branch of the dungeon, and saw 6 of its levels.

You collected 384 gold pieces.

Inventory:

Hand Weapons
 e - a +0 mace (weapon)
 k - a +0 spear
 p - a +2 hunting sling of flaming
 y - a +0 flail
Missiles
 a - 95 arrows
 b - 56 stones (quivered)
 f - 2 curare-tipped darts
 q - 56 sling bullets
Armour
 c - a +0 robe
 i - a +1 leather armour (worn)
Jewellery
 m - a ring of fire (left hand)
Wands
 C - a wand of digging (2)
Scrolls
 j - a scroll of teleportation
 n - 2 scrolls of identify
 t - a scroll of blinking
 x - 2 scrolls of amnesia
 z - 3 scrolls of remove curse
Potions
 g - a potion of flight
 h - 2 potions of magic {unknown}
 l - a potion of curing {unknown}
 r - a potion of ambrosia {unknown}
 s - 3 potions of degeneration {unknown}
 v - 2 potions of brilliance {unknown}
 w - a potion of lignification {unknown}
 A - a potion of resistance {unknown}
 B - 2 potions of stabbing {unknown}
 D - a potion of haste {unknown}
 E - a potion of heal wounds {unknown}
Comestibles
 d - 5 rations


   Skills:
 * Level 0.8 Maces & Flails
 - Level 1.9 Polearms
 * Level 4.1 Slings
 + Level 0.3 Armour
 + Level 1.8 Dodging
 - Level 2.4 Stealth
 - Level 2.1 Spellcasting
 * Level 1.4 Conjurations
 + Level 1.1 Transmutations
 + Level 7.2 Earth Magic


You had 4 spell levels left.
You knew the following spells:

 Your Spells              Type           Power        Failure   Level  Hunger
a - Sandblast             Erth           ####..       1%          1    #......
b - Passwall              Tmut/Erth      ###.....     6%          2    ###....
c - Stone Arrow           Conj/Erth      ###...       12%         3    ###....

Your spell library contained the following spells:

 Spells                   Type           Power        Failure   Level  Hunger
 Petrify                  Tmut/Erth      ###.....     38%         4    #####..
 Lee's Rapid Deconstruct  Erth           ####......   34%         5    ######.


Dungeon Overview and Level Annotations

Branches:
Dungeon (6/15)
 Temple: D:4-7

Altars:
Ashenzari
Cheibriados
Hepliaklqana
Qazlal
Sif Muna
Wu Jian


Innate Abilities, Weirdness & Mutations

You cannot be hasted, slowed, berserked, paralysed or teleported.
You can dig through walls and to a lower floor.
Your four strong arms can wield two-handed weapons with a shield.
You have a pair of large antennae on your head. (SInv)


Message History

You eat one of the 6 rations.
That ration really hit the spot!
The orc warrior barely misses you.
Casting: Stone Arrow (dangerous; 12% risk of failure)
Confirm with . or Enter, or press ? or * to list all spells.
Aiming: Stone Arrow (dangerous; 12% risk of failure)
Press: ? - help, Shift-Dir - straight line, f/p - orc warrior
Aim: an orc warrior, wielding a +0 halberd, wearing a +0 chain mail and carrying a wand of acid (6) (heavily wounded)
You miscast Stone Arrow.
You are very lightly contaminated with residual magic.
Nothing appears to happen.
The orc warrior barely misses you.
You hit the orc.
The orc is moderately wounded.
The orc warrior zaps a wand.
The bolt of acid hits you!
You are splashed with acid!
The orc hits you but does no damage.
The orc warrior zaps a wand.
The bolt of acid hits the orc!
The orc is splashed with acid.
The acid corrodes the orc!
The orc dies!
The bolt of acid hits you!!
You die...

#.. ##... .. .#....
#.# ..?.... ##.$
#....... #..#
##......... ##..# #
#..........##..# ##
#<.o.........o.## ##.
#...o.......o..)@###
##..
.(........?..####..###
##... ........%.###
##...### ##.[#.
###.....##
###...#####..###
..#### ###...##..##
### ###....## ##....#
........# #...........


You could see an orc warrior and an orc.

Vanquished Creatures
  A phantom (D:4)
  A scorpion (D:6)
  A hound (D:4)
  An orc priest (D:5)
  An orc wizard (D:3)
  A bullfrog skeleton (D:4)
  An iguana (D:4)
  4 worker ants (D:4)
  A worker ant zombie (D:5)
  6 adders
  An ooze (D:1)
  2 dart slugs
  3 leopard geckos
  5 orcs
  6 bats
  5 giant cockroaches
  9 goblins
  5 hobgoblins
  7 jackals
  7 kobolds
  4 quokkas
  3 ball pythons
  5 frilled lizards (D:2)
  A leopard gecko skeleton (D:5)
  2 quokka skeletons
  4 rats
87 creatures vanquished.

Vanquished Creatures (others)
  An orc (D:6)
1 creature vanquished.

Grand Total: 88 creatures vanquished

Notes
Turn   | Place    | Note
-------+----------+-------------------------------------------
     0 | D:1      | Masnef the Formicid Earth Elementalist began the quest for
                  | the Orb.
     0 | D:1      | Reached XP level 1. HP: 13/13 MP: 3/3
   249 | D:1      | Reached skill level 4 in Earth Magic
   360 | D:1      | Reached XP level 2. HP: 19/19 MP: 3/5
   871 | D:1      | Learned a level 2 spell: Passwall
  1089 | D:2      | Reached XP level 3. HP: 23/24 MP: 6/6
  1137 | D:2      | Reached skill level 5 in Earth Magic
  1426 | D:2      | Found a stormy altar of Qazlal.
  1563 | D:2      | Reached XP level 4. HP: 23/30 MP: 5/7
  2348 | D:3      | Found a hazy altar of Hepliaklqana.
  2518 | D:3      | Reached skill level 6 in Earth Magic
  2827 | D:3      | Found an ornate altar of the Wu Jian Council.
  3341 | D:3      | Reached XP level 5. HP: 35/35 MP: 6/8
  3344 | D:3      | Noticed an orc warrior
  3345 | D:3      | Reached skill level 1 in Polearms
  3559 | D:2      | Learned a level 3 spell: Stone Arrow
  4113 | D:4      | Reached skill level 1 in Slings
  4113 | D:4      | Reached XP level 6. HP: 33/41 MP: 3/9
  4421 | D:4      | Noticed a phantom
  4444 | D:4      | Killed a phantom
  4444 | D:4      | Reached skill level 1 in Conjurations
  4444 | D:4      | Reached skill level 7 in Earth Magic
  4638 | D:4      | Reached XP level 7. HP: 46/46 MP: 6/10
  5085 | D:5      | Entered Level 5 of the Dungeon
  5248 | D:5      | Found a snail-covered altar of Cheibriados.
  6257 | D:6      | Found a shimmering blue altar of Sif Muna.
  6257 | D:6      | Found a shattered altar of Ashenzari.
  6261 | D:6      | Became a worshipper of Ashenzari the Shackled
  6345 | D:6      | Killed from afar by an orc warrior

Illustrated notes

Levels and vault maps discovered:
D:1:      onia_arrival_mini_spirals, layout_basic
D:2:      layout_loops_cross, grunt_ministairs_10,
          nicolae_qazlal_general_emergency
D:3:      layout_loops_ring, marbit_many_paths, overflow_temple_1_default
D:4:      layout_loops_ring
D:5:      layout_basic, first_ration, kennysheep_slug_shrine
D:6:      layout_cave_pods, gammafunk_temple_overflow_elements, temple_pool_b

Skill      XL: |  1  2  3  4  5  6  7 |
---------------+----------------------+-----
Earth Magic    | 4 5 6 7 |  7.2
Polearms       | 1 |  1.9
Slings         | 1 3 4 |  4.1
Conjurations   | 1 |  1.4
Maces & Flails | |  0.8
Armour         | |  0.3
Dodging        | |  1.8
Stealth        | |  2.4
Spellcasting   | |  2.1
Transmutations | |  1.1

Action                   |  1- 3 |  4- 6 |  7- 9 || total
-------------------------+-------+-------+-------++-------
Melee: Unarmed           |     5 |       |       ||     5
       Mace              |    21 |    63 |    27 ||   111
       Flail             |       |       |    50 ||    50
 Fire: Hunting sling     |       |    51 |     3 ||    54
 Cast: Sandblast         |    23 |    59 |    17 ||    99
       Stone Arrow       |       |       |     2 ||     2
  Use: Scroll            |       |     7 |     2 ||     9
 Stab: Sleeping          |     3 |     2 |     1 ||     6
       Distracted        |       |     1 |       ||     1
  Eat: Chunk             |     2 |     7 |     4 ||    13
       Ration            |       |     1 |     1 ||     2
Armor: Robe              |     2 |       |       ||     2
       Leather armour    |    15 |    44 |    37 ||    96
Dodge: Dodged            |    15 |    84 |    73 ||   172
